AoeStats
← DJ Blyatman!

Black Forest

507937093Analyzed
4v4 RM · 13d ago on Sep 20, 2026· 5m 16s· 8 players
Game mode
Random Map
Map size
Large (8 player)
Population
200
Speed
Normal
Resources
Standard
Victory
Conquest
Starting age
Dark Age
Ending age
Imperial Age
RankedLock teamsTeams togetherTeam positionsShared explorationLock speedFull tech treeHidden civsTurbo modeCheats
Victory
Defeat
🇸🇰 Britons · Slovakia
1323
+14
🇮🇹 Franks · Italy
1258
+16
🇨🇳 Mongols · China
1234
+17
🇷🇺 Persians · Russia
1212
+18
🇹🇼 Persians · Taiwan
1348
-20
1316
-18
🇨🇳 Bohemians · China
1231
-15
🇮🇳 Bengalis · India
1157
-12
JorgeQuins
1:43 Loom
DJ Blyatman!
1:21 Loom
N3znamy
0:45 Loom
4:22 Loom
ZamSerg
2:16 Loom
Butcher
娘子出來看上帝了
0:31 Loom
0:42 Loom
C.C.
0:44 Loom
anny52086
Connection lost

Rejoining the realm…

Still unreachable

The connection could not be restored.

Session expired

The server has moved on; the page needs a fresh start.